 Dungeon Crawl Stone Soup version bcrawl-1.28.1b (webtiles) character file.

Game seed: 822612920609621096

369807 LostNumber the Grappler (level 10, -3/60 HPs)
             Began as a Mana Stalker Martial Artist on Dec 6, 2020.
             Was an Elder of Wu Jian.
             Slain by an orc warrior
             ... wielding a +0 halberd
              (11 damage)
             ... in a bailey.
             The game lasted 00:15:16 (5430 turns).

LostNumber the Grappler (VSMA)                      Turns: 5430, Time: 00:15:16

Health: -3/60      AC:  7    Str: 18    XL:     10   Next: 8%
Magic:  16/16      EV: 16    Int:  9    God:    Wu Jian [****..]
Gold:   379        SH:  0    Dex: 20    Spells: 14/15 levels left

rFire    . . .     SeeInvis .     - Fists (15.4)
rCold    . . .     Gourm    .   (no shield)
rNeg     . . .     Faith    .   i - +0 ring mail
rPois    .         Spirit   .   (no helmet)
rElec    +         Reflect  .   A - +0 cloak "Ystratzac" {rElec Dex+3 Slay+2 Stlth-}
rCorr    .         Harm     .   (no gloves)
MR       ++...                  c - +0 pair of boots
Stlth    ++++......             s - amulet of magic regeneration
HPRegen  0.60/turn              E - ring of stealth
MPRegen  0.40/turn              F - +2 ring of slaying

@: no status effects
A: fangs 3, magic resistance 1, regeneration 1, antimagic bite, no potion heal
3, rot immunity, strong jaws
a: Wall Jump, Serpent's Lash, Heavenly Storm, Renounce Religion


You were in a bailey.
You worshipped Wu Jian.
Wu Jian was greatly pleased with you.
You were not hungry.

You visited 1 branch of the dungeon, and saw 8 of its levels.
You also visited: Bailey.

You collected 489 gold pieces.
You spent 110 gold pieces at shops.

Inventory:

Hand Weapons
 r - the +9 hunting sling of Zafil {venom, rPois rF- Int+3, unknown}
   (You found it on level 4 of the Dungeon)

   It poisons the ammo it fires.
   It affects your intelligence (+3).
   It makes you vulnerable to fire.
   It protects you from poison.
Armour
 a - a +0 robe
 c - a +0 pair of boots (worn)
   (You found it on level 1 of the Dungeon)
 g - a +1 cloak
   (You took it off Crazy Yiuf on level 6 of the Dungeon)
 i - a +0 ring mail (worn)
   (You found it on level 1 of the Dungeon)
 p - a +2 crystal plate armour
   (You found it in a bailey)
 A - the +0 cloak "Ystratzac" (worn) {rElec Dex+3 Slay+2 Stlth-}
   (You found it in a bailey)

   It affects your dexterity (+3).
   It affects your accuracy and damage with ranged weapons and melee attacks
   (+2).
   It insulates you from electricity.
   It makes you less stealthy.
Jewellery
 j - the ring "Hyoh" {MR+ Stlth--}
   (You found it on level 6 of the Dungeon)

   [ring of attention]

   It affects your resistance to hostile enchantments.
   It makes you much less stealthy.
 s - an amulet of magic regeneration (around neck)
   (You found it on level 4 of the Dungeon)
 E - a ring of stealth (left hand)
   (You found it on level 4 of the Dungeon)
 F - a +2 ring of slaying (right hand)
   (You found it on level 7 of the Dungeon)
 G - the ring "Yvutwuts" {rN+ Stlth--}
   (You found it on level 7 of the Dungeon)

   [ring of attention]

   It protects you from negative energy.
   It makes you much less stealthy.
Wands
 n - a wand of random effects (9)
   (You found it on level 6 of the Dungeon)
 t - a wand of flame (17)
   (You found it on level 7 of the Dungeon)
 u - a wand of paralysis (8)
   (You found it on level 5 of the Dungeon)
 v - a wand of polymorph (19)
   (You found it on level 5 of the Dungeon)
Scrolls
 h - a scroll of noise {unknown}
 k - 5 scrolls of teleportation {@r4}
 m - 4 scrolls of remove curse {@r2}
 x - a scroll of enchant weapon
 y - a scroll of blinking
Potions
 b - 2 potions of agility
 f - 4 potions of flight
 l - 2 potions of degeneration {!q}
 o - 3 potions of curing {@q1}
 q - 3 potions of haste {@q3}
 w - 2 potions of lignification {!q}
 z - 2 potions of ambrosia
 C - a potion of mutation {unknown}
 D - a potion of cancellation {unknown}
Miscellaneous
 B - a lamp of fire
   (You found it in a bailey)
Comestibles
 d - 15 chunks of flesh
 e - 15 rations {!d!d}


   Skills:
 + Level 5.6 Fighting
 + Level 6.7 Dodging
 + Level 7.7 Stealth
 * Level 8.5 Unarmed Combat
 + Level 3.4 Spellcasting
 + Level 7.3 Hexes


You had 14 spell levels left.
You knew the following spells:

 Your Spells              Type           Power        Failure   Level  Hunger
a - Confusing Touch       Hex            ##......     2%          1    None

Your spell library contained the following spells:

 Spells                   Type           Power        Failure   Level  Hunger
 Slow                     Hex            ##......     2%          1    None
 Apportation              Tloc           #.....       45%         1    None
 Infusion                 Chrm           #.......     45%         1    None
 Sandblast                Erth           #.....       45%         1    None
 Summon Butterflies       Summ           #.......     45%         1    None


Dungeon Overview and Level Annotations

Branches:
Dungeon (8/12)             Temple (0/1) D:7             Orc (0/1) D:8
   Lair: D:7-9

Altars:
Dithmenos
Lugonu
Vehumet

Shops:
D:4 [%}*(   D:5 (   D:7 =


Innate Abilities, Weirdness & Mutations

You have razor-sharp teeth.
You are resistant to hostile enchantments. (MR+)
Your natural rate of healing is unusually fast.
Your bite disrupts and absorbs the magic of your enemies.
Potions cannot restore your health.
You are immune to rotting.
Your bites deal extra damage.


Message History

You continue putting on your spiked cloak. x4
You finish putting on the +0 cloak "Ystratzac" {rElec Dex+3 Slay+2 Stlth-}.
You feel agile.
Unknown command.
You see here a lamp of fire.
B - a lamp of fire You start resting.
Eating one of 21 chunks of flesh.
You eat one of the 21 chunks of flesh.
You start resting.
There is an open door here.
Okay, then.
The orc warrior completely misses you. The orc warrior closely misses you.
The orc warrior hits you but does no damage.
The orc warrior hits you from afar with a +0 halberd!
You open the door.
An orc warrior comes into view. It is wielding a -1 glaive.
There is an open door here.
Your hands begin to glow red.
You lunge at the orc warrior, in a flurry of attacks.
The orc warrior seems disoriented.
The helpless orc warrior fails to defend itself.
You pummel the orc warrior!! You punch the orc warrior!
You kill the orc warrior!
The Council accepts your kill.
Some of the chunks of flesh in your inventory have rotted away.
Things that are here:
a cursed -1 glaive; a +0 scale mail You open the large door.
Found 47 gold pieces.
There is a large open door here.
There is a large open door here.
You now have 336 gold pieces (gained 23).
You now have 350 gold pieces (gained 14).
You now have 355 gold pieces (gained 5).
You now have 379 gold pieces (gained 24).
Your hands stop glowing.
There is a large open door here.
There is a large open door here.
There is an open door here.
The orc warrior hits you from afar with a +0 bardiche!
The orc warrior misses you. The orc warrior barely misses you.
The orc warrior hits you from afar with a +0 halberd!
The orc warrior hits you from afar with a +0 halberd!
* * * LOW HITPOINT WARNING * * *
The orc warrior hits you from afar with a +0 halberd!
* * * LOW HITPOINT WARNING * * *
The orc warrior completely misses you.
The orc warrior hits you from afar with a +0 halberd!
You die...

##.........## ##..≈≈≈≈≈≈≈..##
##..≈≈.....≈≈..##
##########..≈≈..###..≈≈..######
#..........≈≈..## ##..≈≈.......
#.≈≈≈≈≈≈≈≈≈≈..##.∩.##..≈≈≈≈≈≈≈≈
#.≈..........##.....##.....)...
#.≈.#############+###'#########
#.≈.##)....##.@.§§....##.....##
#.≈..##...##..≈≈§§≈≈≈..##...##.
#.≈≈..##.#'..≈§oo§..§≈..##.##.)
##.≈≈..#'#..§≈o.⌠∩⌠..≈≈..#'#..≈
#∩.≈≈..#'#..§≈...⌠..§§≈..#'#..≈
#.≈≈..##.##..≈≈.....§≈..##.##))
#.≈..##...##..§≈≈§§≈≈§.#'...##)
#.≈.##.....##.........##.....##
#.≈.#############'#############


You could see 3 orc warriors.

Vanquished Creatures
  A two-headed ogre (D:7)
  A centaur zombie (D:7)
  Grinder (D:6)
  A hippogriff (D:4)
  Sigmund (D:2)
  5 orc warriors
  3 sky beasts
  An ogre (D:3)
  A scorpion (D:8)
  3 killer bees (D:7)
  A howler monkey (D:4)
  2 crimson imps
  2 bullfrog skeletons
  2 jellies
  A centaur skeleton (D:4)
  2 orc priests
  3 hounds
  3 iguanas
  Crazy Yiuf (D:6)
  An orc wizard (D:6)
  Terence (D:2)
  6 worker ants
  10 gnolls
  7 adders
  2 shadow imps
  2 oozes (D:3)
  5 worms
  2 dart slugs (D:3)
  4 leopard geckos
  41 orcs
  3 giant cockroaches
  3 goblins
  6 hobgoblins
  16 jackals
  4 quokkas
  4 bats
  8 frilled lizards
  5 kobolds
  4 rats
169 creatures vanquished.

Notes
Turn   | Place    | Note
-------+----------+-------------------------------------------
     0 | D:1      | LostNumber the Vine Stalker Martial Artist began the quest
                  | for the Orb.
     0 | D:1      | Reached XP level 1. HP: 13/13 MP: 3/3
   113 | D:1      | Reached XP level 2. HP: 18/18 MP: 4/4
   688 | D:2      | Noticed Terence
   712 | D:2      | Killed Terence
   713 | D:2      | Reached XP level 3. HP: 22/22 MP: 3/5
   806 | D:2      | Reached ** piety under Wu Jian
   826 | D:2      | Reached XP level 4. HP: 28/28 MP: 6/6
  1112 | D:2      | Noticed Sigmund
  1130 | D:2      | Killed Sigmund
  1131 | D:2      | Reached skill level 5 in Unarmed Combat
  1131 | D:2      | Reached XP level 5. HP: 22/32 MP: 4/7
  1131 | D:2      | Gained mutation: You have razor-sharp teeth. [Vine Stalker
                  | growth]
  1131 | D:2      | Reached XP level 6. HP: 26/37 MP: 4/8
  1624 | D:3      | Found a shadowy altar of Dithmenos.
  1724 | D:3      | Reached *** piety under Wu Jian
  1800 | D:3      | Reached XP level 7. HP: 11/42 MP: 7/9
  2221 | D:4      | Found Jism's Antique Armour Emporium.
  2350 | D:4      | Noticed a hippogriff
  2366 | D:4      | Killed a hippogriff
  2406 | D:4      | Found Redwan's General Store.
  2411 | D:4      | Found Folam's Antique Weapon Shop.
  2419 | D:4      | Bought a potion of haste for 110 gold pieces
  2454 | D:4      | Reached skill level 6 in Unarmed Combat
  2471 | D:4      | Got a jewelled hunting sling
  2538 | D:4      | Reached skill level 5 in Dodging
  2538 | D:4      | Gained mutation: Your bite disrupts and absorbs the magic
                  | of your enemies. [Mana Stalker growth]
  2538 | D:4      | Gained mutation: You are resistant to hostile enchantments.
                  | (MR+) [Mana Stalker growth]
  2538 | D:4      | Reached XP level 8. HP: 27/48 MP: 9/10
  2580 | D:4      | Reached skill level 5 in Stealth
  2641 | D:4      | Found Viygupn's Gadget Boutique.
  2699 | D:4      | Found Alill's Food Boutique.
  2942 | D:5      | Entered Level 5 of the Dungeon
  3056 | D:5      | Reached skill level 5 in Hexes
  3104 | D:5      | Found a radiant altar of Vehumet.
  3104 | D:5      | Found a corrupted altar of Lugonu.
  3147 | D:5      | Found Yty Wutelyu's Weapon Emporium.
  3585 | D:6      | Reached **** piety under Wu Jian
  3601 | D:6      | Noticed Grinder
  3618 | D:6      | Killed Grinder
  3622 | D:6      | Got a glittering amber ring
  3633 | D:6      | Identified the ring "Hyoh" {MR+ Stlth--} (You found it on
                  | level 6 of the Dungeon)
  3820 | D:6      | Reached skill level 7 in Unarmed Combat
  4052 | D:6      | Found a runed door.
  4056 | D:6      | Noticed Crazy Yiuf
  4060 | D:6      | Killed Crazy Yiuf
  4133 | D:7      | Got an ancient bronze amulet
  4141 | D:7      | Identified the amulet "Amnoex" {Inacc Int+4} (You found it
                  | on level 7 of the Dungeon)
  4181 | D:7      | Reached XP level 9. HP: 53/53 MP: 10/12
  4265 | D:7      | Got a sparkling golden ring
  4267 | D:7      | Identified the ring "Yvutwuts" {rN+ Stlth--} (You found it
                  | on level 7 of the Dungeon)
  4337 | D:7      | Found a staircase to the Ecumenical Temple.
  4352 | D:7      | Reached skill level 5 in Fighting
  4537 | D:7      | Noticed a two-headed ogre
  4546 | D:7      | Killed a two-headed ogre
  4547 | D:7      | Reached skill level 8 in Unarmed Combat
  4687 | D:7      | Found Heifol's Jewellery Boutique.
  5044 | D:8      | Found a flagged portal.
  5054 | Bailey   | Entered a bailey
  5206 | Bailey   | Reached XP level 10. HP: 20/59 MP: 15/15
  5368 | Bailey   | Got a spiked cloak
  5379 | Bailey   | Identified the +0 cloak "Ystratzac" {rElec Dex+3 Slay+2
                  | Stlth-} (You found it in a bailey)
  5430 | Bailey   | Slain by an orc warrior

Skill      XL: |  1  2  3  4  5  6  7  8  9 |
---------------+----------------------------+-----
Stealth        | 2 3 4 6 7 |  7.7
Fighting       | 3 4 5 |  5.6
Hexes          | 3 4 6 7 |  7.3
Dodging        | 4 5 6 |  6.7
Unarmed Combat | 5 6 7 8 |  8.5
Spellcasting   | 3 |  3.4

Action                   |  1- 3 |  4- 6 |  7- 9 | 10-12 || total
-------------------------+-------+-------+-------+-------++-------
Melee: Unarmed           |    83 |   157 |   322 |    16 ||   578
       Bite              |     8 |    23 |   105 |     5 ||   141
       Punch             |     1 |     5 |    15 |       ||    21
 Cast: Confusing Touch   |     3 |     8 |    17 |     2 ||    30
Invok: Lunge             |     6 |    15 |    28 |     4 ||    53
       Whirlwind         |     1 |     1 |     3 |     2 ||     7
  Use: Scroll            |       |       |    12 |       ||    12
 Stab: Sleeping          |     4 |     3 |    19 |     1 ||    27
       Confused          |     2 |     2 |    11 |     1 ||    16
  Eat: Chunk             |     2 |     6 |    18 |     1 ||    27
Armor: Robe              |     9 |       |       |       ||     9
       Ring mail         |     6 |    32 |    54 |     2 ||    94
Dodge: Dodged            |    42 |    81 |   189 |    17 ||   329
